 Dungeon Crawl Stone Soup version 0.31-a0-704-g1016066182 (webtiles) character file.

Game seed: 7013142360156025715

153016 knorpule3000 the Bewitcher (level 17, -8/129 HPs)
             Began as a Vampire Brigand on Sept 7, 2023.
             Was the Champion of Hepliaklqana.
             Killed from afar by a salamander tyrant (49 damage)
             ... on level 4 of the Snake Pit on Sept 9, 2023.
             The game lasted 04:11:08 (35331 turns).

knorpule3000 the Bewitcher (Vampire Brigand)       Turns: 35331, Time: 04:11:09

Health: -8/129     AC: 13    Str: 10    XL:     17   Next: 3%
Magic:  17/27      EV: 18    Int: 16    God:    Hepliaklqana [******]
Gold:   686        SH:  7    Dex: 21    Spells: 10/30 levels left

rFire   . . .        q - +8 quick blade of the Original Sin {flame, rN+}
rCold   + . .        C - +0 buckler
rNeg    + . .        b - +0 troll leather armour
rPois   +            W - +0 helmet of Hospitality {rC+ rCorr}
rElec   .            H - +2 cloak
rCorr   +            Z - +2 pair of gloves
SInv    +            v - +2 pair of boots
Will    +....        p - amulet of regeneration
Stlth   +++          E - +4 ring of slaying
HPRegen 2.21/turn    P - ring of poison resistance
MPRegen 0.20/turn

%: no passive effects
@: healing quickly, studying Axes
A: reduced essence, alive, fangs 3, see invisible, vampiric 2
a: Exsanguinate, Renounce Religion, Recall Ancestor, Ancestor Identity,
Transference, Idealise


You were on level 4 of the Snake Pit.
You worshipped Hepliaklqana.
Hepliaklqana was exalted by your worship.
You visited 4 branches of the dungeon, and saw 26 of its levels.
You also visited: Sewer.

You collected 3852 gold pieces.
You spent 3166 gold pieces at shops.

Inventory:

Hand Weapons
 q - the +8 quick blade of the Original Sin (weapon) {flame, rN+}
   (You acquired it on level 2 of the Lair of Beasts)

   rN+:       It protects you from negative energy.
 B - the +12 dagger of Terror {freeze, *Rage rElec rPois rN+}
   (You found it on level 5 of the Dungeon)

   rElec:     It insulates you from electricity.
   rPois:     It protects you from poison rN+: It protects you from negative
   energy.
   *Rage:     It berserks you when you make melee attacks (+20% chance).
 L - a +3 dagger of freezing
Missiles
 d - 4 throwing nets
 e - 5 curare-tipped darts
 S - 11 atropa-tipped darts
Armour
 b - a +0 troll leather armour (worn)
 v - a +2 pair of boots (worn)
 z - a +0 kite shield
 C - a +0 buckler (worn)
 H - a +2 cloak (worn)
 V - a scarf of invisibility
 W - the +0 helmet of Hospitality (worn) {rC+ rCorr}
   (You found it on level 2 of the Lair of Beasts)

   rC+:       It protects you from cold.
   rCorr:     It protects you from acid and corrosion.
 Z - a +2 pair of gloves (worn)
Jewellery
 g - a ring of wizardry
 i - a ring of willpower
 p - an amulet of regeneration (around neck)
 E - a +4 ring of slaying (left hand)
 I - a ring of resist corrosion
 K - an amulet of magic regeneration
 P - a ring of poison resistance (right hand)
 R - a ring of protection from cold
Wands
 c - a wand of acid (16)
 r - a wand of charming (20)
 F - a wand of polymorph (14)
 N - a wand of iceblast (15)
 O - a wand of flame (21)
 U - a wand of mindburst (18) (quivered)
 Y - a wand of digging (20)
Scrolls
 a - a scroll of blinking
 h - 6 scrolls of immolation
 l - 9 scrolls of teleportation
 n - 5 scrolls of fear
 w - 3 scrolls of summoning
 y - 3 scrolls of revelation
 A - 3 scrolls of poison
 J - 4 scrolls of fog
 M - a scroll of vulnerability
 X - 2 scrolls of brand weapon
Potions
 f - 3 potions of lignification
 k - 10 potions of curing
 m - 4 potions of heal wounds
 o - 4 potions of invisibility
 s - 4 potions of brilliance
 t - 5 potions of enlightenment
 u - 5 potions of haste
 x - 3 potions of magic
 D - 2 potions of resistance
 G - 5 potions of attraction
 Q - a potion of might
 T - 3 potions of ambrosia
Miscellaneous
 j - a tin of tremorstones (2/2)


   Skills:
 - Level 16.0 Fighting
 - Level 14.0 Short Blades
 - Level 1.5 Throwing
 - Level 10.1 Dodging
 - Level 6.0 Stealth
 + Level 8.8 Shields
 - Level 7.3 Spellcasting
 - Level 20.1 Hexes
 - Level 2.0 Translocations
 - Level 8.0 Transmutations
 - Level 8.0 Invocations
 - Level 7.0 Evocations


You had 10 spell levels left.
You knew the following spells:

 Your Spells              Type           Power      Damage    Failure   Level
a - Confusing Touch       Hex            63%        N/A       0%          3
b - Yara's Violent Unrav  Hex/Tmut       25%        3d11      1%          5
c - Enfeeble              Hex            31%        N/A       4%          7
d - Inner Flame           Hex/Fire       38%        N/A       1%          3
e - Blink                 Tloc           24%        N/A       14%         2

Your spell library contained the following spells:

 Spells                   Type           Power      Damage    Failure   Level
 Metabolic Englaciation   Hex/Ice        19%        N/A       10%         5
 Lesser Beckoning         Tloc           24%        N/A       14%         2
 Kiss of Death            Conj/Necr      20%        2d7       22%         1
 Momentum Strike          Conj/Tloc      18%        3d8       22%         2
 Ignite Poison            Fire/Tmut/Pois 14%        N/A       22%         3
 Petrify                  Tmut/Erth      18%        N/A       38%         4
 Frozen Ramparts          Ice            10%        1d2       54%         3
 Hailstorm                Conj/Ice       5%         3d4       54%         3
 Stone Arrow              Conj/Erth      10%        3d7       54%         3
 Animate Armour           Summ/Erth      10%        N/A       91%         4
 Dispel Undead            Necr           5%         3d7       91%         4
 Sticky Flame             Conj/Fire      5%         2d3       91%         4
 Summon Ice Beast         Ice/Summ       5%         N/A       91%         4
 Simulacrum               Ice/Necr       2%         N/A       100%        6
 Ignition                 Fire           2%         3d3       100%        8
 Lehudib's Crystal Spear  Conj/Erth      2%         10d2      100%        8


Dungeon Overview and Level Annotations

Branches:
Dungeon (15/15)            Temple (0/1) D:7            Lair (5/5) D:8
  Snake (4/4) Lair:2        Slime (0/5) Lair:5          Orc (2/2) D:11
    Elf (0/3) Orc:2        Vaults (0/5) D:14          Sewer (visited)
  Swamp: Lair:2-3    Shoals: Lair:2-3    Depths: D:15

Altars:
Ashenzari
Cheibriados
Hepliaklqana
Makhleb
Sif Muna
Trog
Wu Jian
Xom
Jiyva

Shops:
D:7 [!:!?   D:9 !   D:14 [   D:15 [   Orc:2 :::[*?   Snake:1 [   Snake:2 =
Snake:4 ::=

Portals:
Pandemonium: Orc:2

Annotations:
D:2 exclusion: downstairs
D:15 exclusion: door
Lair:2 1 runed translucent door
Lair:3 exclusions: bullfrog, 2 hogs and hydra
Lair:5 exclusion: 2 oklob plants
Snake:3 exclusion: upstairs
Snake:4 Roxanne


Innate Abilities, Weirdness & Mutations

Your life essence is reduced to manifest your ancestor. (-10% HP)
Your natural rate of healing is accelerated.
You have razor-sharp teeth.
You have supernaturally acute eyesight. (SInv)
You are afflicted with vampirism and can become a bat while bloodless.


Message History

The salamander hits you from afar with a +0 halberd!
You are engulfed in flames!
The salamander hits you with a +0 halberd!
You are engulfed in flames!
The helpless naga fails to defend itself.
You spit the naga like a pig!!!! You burn the naga.
You kill the naga!
You hit the salamander but do no damage.
You hit the salamander. You bite the salamander!
The salamander is lightly wounded.
The salamander completely misses you.
You hit the salamander but do no damage.
You barely miss the salamander.
The salamander is lightly wounded.
The salamander hits you with a +0 halberd!
You are engulfed in flames!
Casting: Enfeeble (dangerous; 4% risk of failure)
Confirm with . or Enter, or press ? or * to list all spells.
Aiming: Enfeeble (dangerous; 4% risk of failure)
Press: ? - help, Shift-Dir - straight line, f - salamander
Aim: a salamander, wielding a +0 halberd (lightly wounded, ally target, will inflict weakness, chance to daze and blind: 94%)
The salamander is enfeebled!
Synnove hits the salamander with a +0 dagger of draining.
Synnove hits the salamander but does no damage.
Synnove drains the salamander.
The salamander completely misses you.
You catch the helpless salamander completely off-guard!
You impale the salamander!! You puncture the salamander!
The salamander is almost dead.
Synnove casts a spell at the salamander.
The salamander appears confused.
You hit the salamander.
You kill the salamander!
No target in view!
You start resting.
The blast of magma engulfs Synnove!!
Synnove partially resists.
The blast of magma engulfs you!!!
* * * LOW HITPOINT WARNING * * *
The blast of magma engulfs you!!!
You die...

##....#.....#......####..........
##....'.....#.....#* ##.........
##....##+####....## #.........
##......<.........## #.........
##.................#####)).......
..........#..........##..........
......).##.....)≈=[..............
.......###.....).R≈†##'###...####
.......###......@)≈.#....#....# *
.)....###..<...###).#....#....#
......###......# #..#....#....#*
...)..........####..#'####.....#*
..#########..####...........[...*
..#.#######..###...........,,,,,,
..#.'....##...#............,,,,,,
..#.#....##................,,,,,,
..#.#....##........).......,,,,,,


You could see the friendly Synnove the hexer.

Vanquished Creatures
  Rupert (D:15)
  Donald (Snake:1)
  A nagaraja (Snake:2)
  Louise (D:15)
  An ironbound preserver (D:14)
  Josephine (D:14)
  3 hydras
  An ogre mage (D:15)
  2 demonspawn (Orc:2)
  3 catoblepae
  4 boulder beetles
  3 anacondas
  2 rakshasas
  3 centaur warriors
  A death knight (D:14)
  9 two-headed ogres
  11 naga warriors
  2 tengu warriors (D:14)
  6 shock serpents
  An orc high priest (Orc:2)
  8 naga sharpshooters
  4 skysharks
  5 skeletal warriors
  3 salamander mystics
  A goliath frog (Lair:5)
  4 naga ritualists
  A sea snake (Snake:1)
  A wizard (D:14)
  3 deep elf pyromancers
  5 mana vipers
  2 wolf spiders (Lair:1)
  7 orc knights
  10 orc sorcerers
  16 ugly things
  15 salamanders
  4 cyclopes
  6 manticores
  4 guardian serpents
  8 elephants
  2 centaur zombies (D:14)
  A gargoyle (D:11)
  An unseen horror (D:11)
  2 torpor snails
  5 naga magi
  Jeremiah (D:6)
  38 black mambas
  17 cane toads
  An orange demon (Orc:2)
  5 komodo dragons
  2 rime drakes
  A kobold demonologist (D:14)
  2 yaktaurs (D:15)
  A hellwing (Orc:2)
  3 trolls
  A wind drake (shapeshifter) (D:15)
  2 hornets (Lair:1)
  A tyrant leech (Lair:5)
  A polar bear (Lair:1)
  6 dream sheep (Lair:4)
  30 blink frogs
  A meliai zombie (D:14)
  2 shadows
  3 slime creatures (D:14)
  Sigmund (D:3)
  4 wraiths
  32 yaks
  4 basilisks
  A human (Lair:2)
  A chaos spawn (Orc:2)
  2 steam dragons
  12 vampire mosquitoes
  3 wargs
  2 acid dragons
  21 nagas
  14 water moccasins
  The ghost of Opifex the Changeling, an amateur VSSh (D:4)
  31 orc warriors
  2 ice beasts
  3 sky beasts
  3 black bears
  6 ogres
  A wolf (shapeshifter) (D:13)
  4 wolves (Lair:1)
  4 centaurs
  A phantom (D:6)
  4 kobold brigands
  15 bullfrogs
  A scorpion (D:8)
  8 wights
  3 hexers
  6 killer bees
  3 electric eels
  7 howler monkeys
  2 jellies
  23 orc priests
  A gnoll bouda (D:4)
  2 sleepcaps (D:6)
  Terence (D:3)
  2 iguanas
  17 orc wizards
  10 gnolls
  9 adders
  A river rat (Sewer)
  An ufetubus (D:7)
  4 worms
  2 dart slugs
  72 orcs
  4 endoplasms
  4 giant cockroaches
  8 goblins
  2 hobgoblins
  7 jackals
  2 quokkas
  8 ball pythons
  8 bats
  3 frilled lizards
  20 kobolds
  9 rats
715 creatures vanquished.

Vanquished Creatures (collateral kills)
  A hydra (Lair:2)
  A boulder beetle (Lair:1)
  A naga warrior (Snake:1)
  An orc high priest (Orc:2)
  A sun demon (Orc:1)
  A shock serpent (Snake:1)
  Nergalle (Lair:3)
  A goliath frog (Lair:5)
  2 orc sorcerers
  4 mana vipers
  An ugly thing (D:14)
  An elephant (Lair:5)
  A cyclops (D:15)
  4 black mambas
  3 cane toads
  A centaur zombie (D:14)
  4 naga magi
  A komodo dragon (Lair:3)
  2 trolls
  6 blink frogs
  5 dream sheep
  5 yaks
  3 wraiths
  A basilisk (Lair:1)
  2 vampire mosquitoes (D:12)
  4 nagas
  A water moccasin (Lair:5)
  4 orc warriors
  A swamp drake (D:7)
  An ice beast (D:6)
  A black bear (D:8)
  2 wolves (Lair:1)
  A gnoll sergeant (D:13)
  3 bullfrogs
  6 wights
  2 killer bees (D:9)
  2 electric eels (Lair:5)
  A howler monkey (D:7)
  5 orc priests
  A gnoll bouda (D:4)
  4 orc wizards
  4 gnolls
  4 adders (Lair:1)
  20 orcs
  An endoplasm (D:4)
  3 kobolds
125 creatures vanquished.

Vanquished Creatures (others)
  A naga mage (Snake:4)
  2 nagas
  An electric eel (Lair:5)
  38 hexers
  2 ancestors
  An orc (Orc:2)
45 creatures vanquished.

Grand Total: 885 creatures vanquished

Notes
Turn   | Place    | Note
-------+----------+-------------------------------------------
     0 | D:1      | knorpule3000 the Vampire Brigand began the quest for the
                  | Orb.
     0 | D:1      | Reached XP level 1. HP: 16/16 MP: 1/1
    95 | D:1      | Reached XP level 2. HP: 22/22 MP: 2/2
   338 | D:1      | Found a faded altar of an unknown god.
   591 | D:1      | Gained mutation: You are afflicted with vampirism and can
                  | become a bat while bloodless. [Vampire growth]
   591 | D:1      | Reached XP level 3. HP: 26/27 MP: 3/3
  1116 | D:2      | Found a hazy altar of Hepliaklqana.
  1425 | D:2      | Upgraded the game from 0.31-a0-692-gf03d1854d5 to
                  | 0.31-a0-702-gf82c85558f
  1467 | D:2      | Became a worshipper of Hepliaklqana the Forgotten
  1508 | D:3      | Noticed Sigmund
  1775 | D:3      | Found a burning altar of Makhleb.
  1785 | D:3      | Reached XP level 4. HP: 33/33 MP: 4/4
  1878 | D:3      | Noticed Terence
  1970 | D:4      | Found a glowing drain.
  2064 | Sewer    | Entered a sewer
  2084 | Sewer    | Reached skill level 5 in Short Blades
  2182 | Sewer    | Noticed a kobold brigand
  2193 | Sewer    | Killed a kobold brigand
  2194 | Sewer    | Reached XP level 5. HP: 37/41 MP: 5/5
  2263 | Sewer    | Reached * piety under Hepliaklqana
  2764 | D:4      | Found a transporter.
  2772 | D:4      | Found a transporter.
  2784 | D:4      | Noticed Opifex's ghost (amateur VSSh)
  3008 | D:5      | Entered Level 5 of the Dungeon
  3403 | D:5      | Found a snail-covered altar of Cheibriados.
  3409 | D:5      | Noticed an ice beast
  3536 | D:5      | Found a shimmering altar of Xom.
  3547 | D:5      | Identified the +12 dagger of Terror {freeze, *Rage rElec
                  | rPois rN+}
  3600 | D:5      | Reached ** piety under Hepliaklqana
  3601 | D:5      | Remembered your ancestor Synnove as a hexer
  3790 | D:5      | Killed an ice beast
  3791 | D:5      | Reached XP level 6. HP: 45/45 MP: 6/6
  4013 | D:5      | Reached skill level 5 in Fighting
  4050 | D:6      | Reached skill level 1 in Shields
  4260 | D:4      | Reached XP level 7. HP: 50/50 MP: 7/7
  4744 | D:6      | Noticed Jeremiah
  4919 | D:7      | Noticed a steam dragon
  4942 | D:7      | Killed a steam dragon
  5054 | D:7      | Found Odoodd's Distillery.
  5081 | D:7      | Reached XP level 8. HP: 55/55 MP: 8/8
  5358 | D:7      | Bought a potion of invisibility for 96 gold pieces
  5358 | D:7      | Bought 2 potions of attraction for 72 gold pieces
  5387 | D:7      | Found Dosuecvo's Magic Scroll Emporium.
  5402 | D:7      | Bought a scroll of identify for 30 gold pieces
  5402 | D:7      | Bought a scroll of identify for 30 gold pieces
  5402 | D:7      | Bought a scroll of fog for 60 gold pieces
  5402 | D:7      | Bought a scroll of identify for 30 gold pieces
  5456 | D:7      | Found Kiemasoz's Book Shoppe.
  5474 | D:7      | Found Ywuavvat's Armour Emporium.
  5609 | D:7      | Reached skill level 10 in Short Blades
  5609 | D:7      | Reached skill level 1 in Evocations
  5635 | D:7      | Found Mewkuvir's Distillery.
  5643 | D:7      | Bought a potion of haste for 120 gold pieces
  5760 | D:7      | Reached skill level 1 in Invocations
  5923 | D:7      | Reached *** piety under Hepliaklqana
  5928 | D:7      | Reached XP level 9. HP: 61/61 MP: 9/11
  6102 | D:7      | Found a staircase to the Ecumenical Temple.
  6263 | D:8      | Noticed a two-headed ogre
  6310 | D:8      | Killed a two-headed ogre
  6311 | D:8      | Reached skill level 5 in Invocations
  7015 | D:8      | Noticed a komodo dragon
  7031 | D:8      | Killed a komodo dragon
  7032 | D:8      | Reached skill level 5 in Dodging
  7135 | D:8      | Reached XP level 10. HP: 71/71 MP: 13/13
  7355 | D:8      | Found a staircase to the Lair.
  7435 | Lair:1   | Entered Level 1 of the Lair of Beasts
  7435 | Lair:1   | Noticed a boulder beetle
  7445 | Lair:1   | Killed a boulder beetle
  7477 | Lair:1   | Noticed a cane toad
  7480 | Lair:1   | Noticed a cane toad
  7490 | Lair:1   | Killed a cane toad
  7494 | Lair:1   | Killed a cane toad
  7636 | Lair:1   | Reached skill level 10 in Fighting
  7820 | Lair:1   | Noticed a cane toad
  7835 | Lair:1   | Killed a cane toad
  7911 | Lair:1   | Reached XP level 11. HP: 70/81 MP: 14/14
  8037 | Lair:1   | Found a shimmering blue altar of Sif Muna.
  8139 | Lair:1   | Reached **** piety under Hepliaklqana
  8149 | Lair:1   | Noticed a wolf spider
  8151 | Lair:1   | Noticed a wolf spider
  8178 | Lair:1   | Killed a wolf spider
  8225 | Lair:1   | Killed a wolf spider
  8574 | Lair:2   | Reached skill level 10 in Dodging
  8640 | Lair:2   | Noticed a five-headed hydra
  8806 | Lair:2   | Identified a scroll of acquirement
  8943 | Lair:2   | Found a staircase to the Snake Pit.
  9073 | Lair:2   | Noticed a seven-headed hydra
  9250 | Lair:2   | Acquired the +8 quick blade of the Original Sin {flame,
                  | rN+}
  9405 | Lair:2   | Found a runed translucent door.
  9414 | Lair:2   | Noticed a reaper
 10360 | Lair:3   | You fall into a shaft and drop 2 floors!
 10360 | Lair:5   | Entered Level 5 of the Lair of Beasts
 10531 | Lair:5   | Reached XP level 12. HP: 92/92 MP: 15/15
 10894 | Lair:5   | Reached skill level 15 in Fighting
 10921 | Lair:5   | Noticed a catoblepas
 10933 | Lair:5   | Killed a catoblepas
 11165 | Lair:2   | Killed a five-headed hydra
 11229 | Lair:2   | Killed a seven-headed hydra
 11243 | Lair:2   | Identified the +0 helmet of Hospitality {rC+ rCorr}
 11310 | Lair:3   | Noticed a seven-headed hydra
 11329 | Lair:3   | Noticed a catoblepas
 11329 | Lair:3   | Noticed a catoblepas
 11463 | Lair:3   | Noticed Nergalle
 11532 | Lair:3   | Reached XP level 13. HP: 81/104 MP: 14/16
 12115 | Lair:3   | Reached ***** piety under Hepliaklqana
 12617 | Lair:3   | Killed Nergalle
 13860 | Lair:5   | Reached skill level 5 in Evocations
 14201 | Lair:5   | Found the +4 consecrated labrys {holy, Valiant Fragile Fly
                  | SInv}
 14444 | Lair:5   | Found a viscous altar of Jiyva.
 14446 | Lair:5   | Found a staircase to the Slime Pits.
 14908 | D:9      | Found Tink's Distillery.
 14940 | D:9      | Reached XP level 14. HP: 112/112 MP: 20/20
 15018 | D:7      | Bought a book of Touch for 352 gold pieces
 15022 | D:7      | Learned a level 3 spell: Confusing Touch
 15127 | D:9      | Reached skill level 1 in Hexes
 15297 | D:9      | Acquired 957 gold pieces
 15397 | D:9      | Found an ornate altar of the Wu Jian Council.
 15504 | D:10     | Entered Level 10 of the Dungeon
 15564 | D:10     | Reached skill level 2 in Hexes
 15594 | D:10     | Reached skill level 3 in Hexes
 15837 | D:10     | Reached skill level 4 in Hexes
 16523 | D:7      | Bought a scroll of enchant weapon for 112 gold pieces
 16551 | D:7      | Bought a potion of berserk rage for 60 gold pieces
 16698 | D:11     | Reached skill level 5 in Hexes
 16835 | D:11     | Reached skill level 6 in Hexes
 16942 | D:7      | Bought a book of Misfortune for 576 gold pieces
 16948 | D:7      | Learned a level 5 spell: Yara's Violent Unravelling
 17100 | D:11     | Reached skill level 1 in Transmutations
 17182 | D:11     | Reached ****** piety under Hepliaklqana
 17540 | D:11     | Found a staircase to the Orcish Mines.
 17719 | Orc:1    | Entered Level 1 of the Orcish Mines
 17807 | Orc:2    | Entered Level 2 of the Orcish Mines
 17807 | Orc:2    | Found Ihed's Book Boutique.
 17817 | Orc:2    | Reached skill level 7 in Hexes
 18091 | Orc:2    | Found Udwib's Self-Improvement Boutique.
 18092 | Orc:2    | Found a staircase to the Elven Halls.
 18320 | Orc:2    | Reached skill level 8 in Hexes
 18373 | Orc:2    | Found Noettec's General Store.
 18375 | Orc:2    | Found Dijoizy's Magic Scroll Emporium.
 18545 | Orc:2    | Bought a manual of Hexes for 960 gold pieces
 18685 | Orc:2    | Bought a scroll of identify for 28 gold pieces
 18685 | Orc:2    | Bought a scroll of identify for 28 gold pieces
 18685 | Orc:2    | Bought a scroll of identify for 28 gold pieces
 18685 | Orc:2    | Bought a scroll of identify for 28 gold pieces
 18685 | Orc:2    | Bought a scroll of revelation for 105 gold pieces
 18887 | Orc:1    | Reached skill level 9 in Hexes
 19208 | Orc:2    | Reached skill level 10 in Hexes
 19208 | Orc:2    | Reached skill level 5 in Transmutations
 19271 | Orc:2    | Reached skill level 11 in Hexes
 19337 | Orc:2    | Reached skill level 12 in Hexes
 19426 | Orc:2    | Found Biatonoe's Book Shop.
 19426 | Orc:2    | Found a one-way gate leading to the halls of Pandemonium.
 19426 | Orc:2    | Found Xulof's Antique Armour Boutique.
 19950 | D:12     | Reached skill level 13 in Hexes
 20185 | D:12     | Reached skill level 14 in Hexes
 20374 | D:12     | You fall into a shaft and drop 1 floor!
 20557 | D:12     | Found a bloodstained altar of Trog.
 21356 | D:13     | Reached skill level 1 in Spellcasting
 21858 | D:14     | Reached XP level 15. HP: 103/117 MP: 18/21
 21884 | D:14     | Found a gate to the Vaults.
 21981 | D:14     | Reached skill level 15 in Hexes
 22071 | D:14     | Learned a level 7 spell: Enfeeble
 22106 | D:14     | Noticed Josephine
 22117 | D:14     | Killed Josephine
 22139 | D:14     | Reached skill level 16 in Hexes
 22251 | D:14     | Found Leqostre's Armour Shop.
 22548 | D:14     | Reached skill level 17 in Hexes
 22730 | D:14     | Reached skill level 5 in Spellcasting
 23144 | D:3      | Found a shimmering blue altar of Sif Muna.
 23163 | D:3      | Killed Sigmund
 23356 | D:3      | Killed Terence
 23571 | D:4      | Killed Opifex's ghost
 23603 | D:4      | Identified the ring of Aphej {Contam +Blink rC+ Int+6
                  | Stlth+}
 23912 | D:6      | Killed Jeremiah
 23913 | D:6      | Reached skill level 18 in Hexes
 24406 | D:15     | Entered Level 15 of the Dungeon
 24804 | D:15     | Noticed Rupert
 25108 | D:15     | Reached skill level 19 in Hexes
 25610 | D:15     | Found Hiokhlypno's Antique Armour Shop.
 25618 | D:15     | Bought a pair of embroidered boots for 217 gold pieces
 25736 | D:15     | Noticed Louise
 25897 | D:15     | Killed Louise
 25898 | D:15     | Reached skill level 20 in Hexes
 26154 | D:15     | Paralysed by Rupert for 3 turns
 26167 | D:15     | Killed Rupert
 26364 | D:15     | Upgraded the game from 0.31-a0-702-gf82c85558f to
                  | 0.31-a0-704-g1016066182
 26590 | Snake:1  | Entered Level 1 of the Snake Pit
 26716 | Snake:1  | Learned a level 3 spell: Inner Flame
 27237 | Snake:1  | Found Fenlez's Armour Shop.
 27391 | Snake:1  | Noticed Donald
 27414 | Snake:1  | Killed Donald
 27808 | Snake:1  | Reached XP level 16. HP: 124/124 MP: 15/26
 28097 | Snake:1  | Found a broken altar of Ashenzari.
 29701 | Snake:2  | Found Ihuil's Jewellery Shoppe.
 30557 | Orc:2    | Bought a book of Spatial Translocations for 234 gold pieces
 30560 | Orc:2    | Learned a level 2 spell: Blink
 31439 | Snake:3  | Reached skill level 1 in Translocations
 32437 | Snake:3  | Reached skill level 5 in Shields
 33572 | Snake:4  | Entered Level 4 of the Snake Pit
 34496 | Snake:4  | Noticed Roxanne
 34837 | Snake:4  | Found Rugaif's Jewellery Shoppe.
 34837 | Snake:4  | Found Toil's Book Boutique.
 34838 | Snake:4  | Found Eroivvesk's Book Boutique.
 35168 | Snake:4  | Reached XP level 17. HP: 126/129 MP: 6/27
 35331 | Snake:4  | Killed from afar by a salamander tyrant

Illustrated notes

Levels and vault maps discovered:
D:1:      dpeg_arrival_long_road, layout_basic,
          nicolae_ecumenical_snake_handling, kennysheep_flooded_box
D:2:      minmay_evil_eye, layout_rooms, basic_altar
D:3:      layout_basic, mainiacjoe_overflow_six_doors_small,
          mainiacjoe_overflow_surrounded_room, uniq_sigmund, uniq_terence
D:4:      layout_loops_ring, gup_sewer_entry_glass,
          gammafunk_ghost_gnarly_gnolls, dreamdust_princess_corridor,
          small_statue_intersection
D:5:      lemuel_ice_spiral_2, layout_rooms, xom_teletrap_fun,
          mainiacjoe_overflow_small_starburst, uniq_eustachio
D:6:      layout_cave_pods, hangedman_decor_peaks_small, uniq_jeremiah
D:7:      kennysheep_six_static_rooms, layout_rooms, minmay_temple_entry_fiery,
          serial_shops, nicolae_shop_waterfront, shop, nicolae_shop_waterfront,
          shop, nicolae_shop_hallway_plus, minmay_misc_feat_encased,
          minmay_misc_feat_nine_boxes, corexii_item_surrounded_by_moat
D:8:      layout_loops_ring, grunt_lair_entry_orc_guard_hut
D:9:      layout_rooms, nzn_wu_jian_council_hall, serial_shops, shop
D:10:     layout_loops_corners
D:11:     layout_loops_ring, hiddenorc1_lemuel
D:12:     layout_basic, tgw_trog
D:13:     layout_irregular_city
D:14:     layout_rooms, skrybe_vaults_entry_preservation, minmay_misc_feat_iff,
          serial_shops, shop, serial_undead, serial_undead_f, serial_undead_c,
          serial_undead_e, serial_undead_f, uniq_josephine
D:15:     gammafunk_enter_depths_forms, layout_long_grid, serial_shops, shop,
          minmay_orc_keep, uniq_louise, uniq_rupert
Lair:1:   minmay_lair_venomous_thicket, layout_small_grid, basic_altar,
          grunt_megastairs_4
Lair:2:   layout_loops_ring, dummy_snake_entry, minivault_24,
          pdpol_lair_cabin_in_the_woods, grunt_megastairs_3,
          infiniplex_staircase_pool, lemuel_fruit_tree
Lair:3:   nzn_motion_control, layout_small_grid, palyth_hydra_swamp_entry,
          st_stairs_8, grunt_forest_stairs_basic, uniq_nergalle, uniq_kirke
Lair:4:   layout_roguey, dreamdust_mushroom_princess, serial_bayou_shore_a,
          infiniplex_staircase_pool_2
Lair:5:   minmay_lair_end_frog_pond, layout_small_grid,
          minmay_slime_entry_oklob_enclosed, disabler_island,
          lemuel_fruit_fields
Snake:1:  nicolae_snake_attic_fulla_snakes, layout_basic, serial_shops,
          shop_statue, basic_altar, grunt_megastairs_2, uniq_donald
Snake:2:  layout_onion_interference, serial_shops, shop,
          nicolae_snake_slithery_hallway, serial_bayou_pond_a,
          nicolae_coiled_stairwell_up
Snake:3:  cheibrodos_forgotten_conduit, layout_onion_interference,
          nicolae_fountain_basement
Snake:4:  snake_pit, layout_cave_town, minmay_shop_grove, uniq_roxanne
Orc:1:    layout_caves
Orc:2:    pf_orc_diabolical, layout_caves, serial_shops,
          nicolae_shop_tiny_glass, nicolae_shop_self_help

Skill      XL: |  1  2  3  4  5  6  7  8  9 10 11 12 13 14 15 16 |
---------------+-------------------------------------------------+-----
Fighting       | 2 3 4 5 7 10 12 15 16 | 16.0
Stealth        | 6 |  6.0
Short Blades   | 3 4 5 7 10 11 14 | 14.0
Shields        | 2 3 8 |  8.8
Evocations     | 2 7 |  7.0
Invocations    | 3 5 8 |  8.0
Dodging        | 5 7 10 | 10.1
Hexes          | 14 20 | 20.1
Transmutations | 8 |  8.0
Spellcasting   | 1 7 |  7.3
Translocations | 2 |  2.0
Throwing       | |  1.5

Action                     |  1- 3 |  4- 6 |  7- 9 | 10-12 | 13-15 | 16-18 || total
---------------------------+-------+-------+-------+-------+-------+-------++-------
  Melee: Dagger            |   140 |   142 |   158 |   254 |     6 |       ||   700
         Bite              |    18 |    17 |    24 |   107 |   416 |    72 ||   654
         Punch             |     3 |       |       |       |       |     1 ||     4
         Quick blade       |       |       |       |   364 |  2023 |   432 ||  2819
  Throw: Dart              |       |     9 |       |     2 |       |       ||    11
         Stone             |       |     1 |     1 |       |       |       ||     2
   Cast: Confusing Touch   |       |       |       |       |    96 |     2 ||    98
         Enfeeble          |       |       |       |       |    36 |    81 ||   117
         Yara's Violent Un |       |       |       |       |    10 |     9 ||    19
         Inner Flame       |       |       |       |       |     4 |     5 ||     9
 Invoke: Ancestor Life: He |       |     1 |       |       |       |       ||     1
         Ancestor Identity |       |     1 |       |       |       |       ||     1
         Recall Ancestor   |       |       |       |     2 |     4 |     2 ||     8
         Idealise          |       |       |       |     1 |       |     1 ||     2
  Evoke: Wand              |       |       |     6 |       |     5 |       ||    11
         Tin of tremorston |       |       |       |       |     2 |     1 ||     3
    Use: Scroll            |       |     6 |     3 |     6 |    14 |     2 ||    31
         Potion            |       |       |     1 |       |     2 |       ||     3
   Stab: Sleeping          |    14 |     2 |     2 |     8 |     7 |     2 ||    35
         Distracted        |       |     1 |     5 |     7 |    18 |     2 ||    33
         Confused          |       |       |     5 |    18 |   135 |     5 ||   163
         Petrified         |       |       |       |       |     1 |       ||     1
         Invisible         |       |       |       |       |    16 |    59 ||    75
         Paralysed         |       |       |       |       |    15 |    21 ||    36
 Armour: Robe              |    34 |       |       |       |       |       ||    34
         Leather armour    |     1 |    44 |       |       |       |       ||    45
         Ring mail         |       |    11 |    12 |       |       |       ||    23
         Steam dragon scal |       |       |    44 |   121 |   132 |       ||   297
         Troll leather arm |       |       |       |       |   354 |   109 ||   463
  Dodge: Dodged            |    65 |    49 |    49 |   247 |   638 |   150 ||  1198
  Block: Buckler           |       |     1 |    14 |    73 |   229 |    33 ||   350

Table legend: (Time is in decaauts)
 A = Elapsed time spent in this place.
 B = Non-inter-level travel time spent in this place.
 C = Inter-level travel time spent in this place.
 D = Time resting spent in this place.
 E = Time spent auto-exploring this place.
 F = Levels seen in this place.
 G = Mean time per level.
                   A        B        C        D        E       F      G
               +--------+--------+--------+--------+--------+-----+--------+
         Total |  35129 |  31127 |   4002 |   4047 |  17725 |  27 | 1301.1 |
       Dungeon |  17011 |  14390 |   2621 |   1331 |   8482 |  15 | 1134.1 |
          Lair |   7373 |   6499 |    874 |    842 |   3518 |   5 | 1474.6 |
     Snake Pit |   8153 |   7865 |    288 |   1713 |   4436 |   4 | 2038.2 |
  Orcish Mines |   2249 |   2030 |    219 |    140 |   1181 |   2 | 1124.5 |
         Sewer |    340 |    340 |      0 |     20 |    108 |   1 |  340.0 |
               +--------+--------+--------+--------+--------+-----+--------+

Top non-repeatable levels by time:
 Snake:3: 2777 daAuts
 Snake:2: 2177 daAuts
 Snake:1: 1979 daAuts
  Lair:2: 1704 daAuts
   Orc:2: 1662 daAuts
     D:7: 1638 daAuts
  Lair:1: 1606 daAuts
    D:15: 1569 daAuts
  Lair:3: 1534 daAuts
     D:4: 1491 daAuts
  Lair:5: 1466 daAuts
    D:14: 1312 daAuts
     D:6: 1279 daAuts
 Snake:4: 1219 daAuts
     D:8: 1173 daAuts
